 Dungeon Crawl Stone Soup version 0.20.1-1-g8b1a95d (webtiles) character file.

2226 ThePWWP the Carver (level 9, -7/68 HPs)
             Began as a Demonspawn Gladiator on July 5, 2017.
             Was a Believer of Makhleb.
             Killed by divine providence
             ... invoked by an orc priest
              (14 damage)
             ... on level 7 of the Dungeon.
             The game lasted 00:49:46 (7070 turns).

ThePWWP the Carver (Demonspawn Gladiator)           Turns: 7070, Time: 00:49:47

Health: -7/68      AC: 15    Str: 18    XL:     9   Next: 14%
Magic:  0/9        EV:  6    Int: 10    God:    Makhleb [**....]
Gold:   281        SH:  4    Dex: 14    Spells: 8/8 levels left

rFire    . . .     SeeInvis .   a - +1 long sword
rCold    . . .     Gourm    .   q - +0 buckler
rNeg     . . .     Faith    .   o - +1 plate armour
rPois    +         Spirit   +   (helmet restricted)
rElec    .         Reflect  .   P - +1 cloak {MR+}
rCorr    .         Harm     .   (no gloves)
MR       +....                  (no boots)
Stlth    ..........             (no amulet)
Regen    0.3/turn               m - ring of poison resistance
MPRegen  0.2/turn               r - ring of poison resistance

@: no status effects
A: claws 1, horns 2, talons 1, demonic guardian 2, magic shield
a: Minor Destruction, Renounce Religion


You were on level 7 of the Dungeon.
You worshipped Makhleb.
Makhleb was pleased with you.
You were not hungry.

You visited 2 branches of the dungeon, and saw 8 of its levels.

You collected 281 gold pieces.

Inventory:

Hand Weapons
 a - a +1 long sword (weapon)
 l - a +0 flail
 t - a +0 falchion
 v - a +0 long sword
 w - a +3 spear of venom
 y - a +1 dagger of draining
 z - a +0 hand crossbow
 D - a cursed -1 hunting sling
 F - a +2 dagger of venom
 I - a +1 mace of protection
 K - a +1 trident of venom
 N - a +2 flail of holy wrath
 O - a +4 quarterstaff of chaos
 S - a +1 whip of venom
 W - a +1 short sword of venom
 X - a +0 hunting sling
 Y - a +0 quarterstaff
Missiles
 d - 2 throwing nets (quivered)
 s - 13 poisoned needles
Armour
 b - a +0 leather armour
 c - a +0 helmet
 e - a +0 ring mail
 i - a +0 ring mail
 o - a +1 plate armour (worn)
 p - a +2 pair of gloves of archery
 q - a +0 buckler (worn)
 x - the +0 helmet of Jampeo {+Fly rN+ MR- Int+6, unknown}
   (You took it off Robin on level 3 of the Dungeon)

   It affects your intelligence (+6).
   It protects you from negative energy.
   It affects your resistance to hostile enchantments.
   It lets you fly.
 J - a cursed +0 buckler
 P - a +1 cloak of magic resistance (worn)
 V - a +2 robe of magic resistance
Magical Staves
 E - an uncursed staff of energy
Jewellery
 m - a ring of poison resistance (left claw)
 r - a ring of poison resistance (right claw)
 C - a cursed ring of loudness
Wands
 U - a wand of polymorph (12/24)
Scrolls
 k - 4 scrolls of blinking
 H - a scroll of remove curse
Potions
 g - 3 potions of brilliance {unknown}
 h - 3 potions of curing
 n - 2 potions of agility
 A - a potion of haste {unknown}
 L - a potion of mutation {unknown}
 Q - a potion of degeneration {unknown}
 T - a potion of might {unknown}
Books
 G - a book of Flames

   Spells                             Type                      Level
   a - Flame Tongue                   Conjuration/Fire             1
   b - Throw Flame                    Conjuration/Fire             2
   c - Conjure Flame                  Conjuration/Fire             3
   d - Inner Flame                    Hexes/Fire                   3
   e - Sticky Flame                   Conjuration/Fire             4
   f - Fireball                       Conjuration/Fire             5
Comestibles
 f - a bread ration
 u - 3 fruits
 B - 2 royal jellies
 M - a meat ration
 R - 4 chunks of flesh


   Skills:
 + Level 5.4 Fighting
 + Level 8.2 Long Blades
 + Level 2.0 Throwing
 + Level 4.7 Armour
 + Level 3.3 Dodging
 + Level 1.9 Stealth
 + Level 2.6 Shields


You had 8 spell levels left.
You didn't know any spells.

Dungeon Overview and Level Annotations

Branches:
Dungeon (7/15)             Temple (1/1) D:4

Altars:
Ashenzari
Cheibriados
Dithmenos
Elyvilon
Fedhas
Hepliaklqana
Kikubaaqudgha
Makhleb
Nemelex Xobeh
Okawaru
Qazlal
Ru
Sif Muna
Trog
Uskayaw
Vehumet
Xom
Yredelemnul
Zin
The Shining One


Innate Abilities, Weirdness & Mutations

You have sharp fingernails.
You have a pair of horns on your head.
You have sharp toenails.
A demonic guardian rushes to your aid.
When hurt, damage is shared between your health and your magic reserves.


Message History

The orc priest looks encouraged for a moment.
Press: ? - help, Shift-Dir - straight line, f - orc priest
Aim: an orc priest, wearing a leather armour You fail to use your ability.
The orc priest calls down the wrath of Beogh upon you.
Beogh smites you!
* * * LOW HITPOINT WARNING * * *
Things that are here:
32 sling bullets; a leather armour; the human skeleton of Joseph You feel better.
The orc priest looks encouraged for a moment.
You see here a sling bullet.
You see here a stone.
Items here: %% )) ÷ a dagger; a short sword; 2 inedible chunks of flesh; 3 inedible chunks of flesh a kobold skeleton You see here a stone.
The orc priest mumbles some strange prayers to Beogh against you.
Beogh smites you!
You die...

#o## ≈...≈≈≈ #.#
.≈≈≈≈≈≈≈≈≈≈≈≈≈.# #o#
≈≈≈≈≈≈≈≈≈≈≈≈≈.# .o#
≈≈≈≈≈≈≈≈≈≈≈≈≈.# o##
≈≈≈≈≈≈≈≈≈≈≈≈≈.# .#
≈≈≈≈≈≈≈≈≈≈≈.# .#
#######..........# .#
##.o(.()...........
########..#####(@.<.......
##o...oo.## #..(.......#
o..####### ##..........
#### #...........
#..........# #(.....>...#
#..........# #..........#
##........#


You could see an orc priest.

Vanquished Creatures
  The ghost of Kosschaser the Sneak, an amateur MfEn (D:3)
  3 phantoms (D:6)
  2 ogres
  A big kobold (D:7)
  A bullfrog (D:6)
  A gnoll sergeant (D:6)
  A scorpion (D:4)
  A howler monkey (D:6)
  A vampire bat (D:4)
  3 crimson imps
  Crazy Yiuf (D:6)
  2 hounds
  2 orc priests
  A bullfrog skeleton (D:4)
  4 orc wizards
  3 worker ants
  3 iguanas
  Robin (D:3)
  9 gnolls
  7 adders
  An ooze (D:1)
  2 worms
  3 dart slugs
  3 fire bats (D:4)
  3 leopard geckos
  16 orcs
  2 spectral bats (D:4)
  3 bat skeletons (D:4)
  A bat zombie (D:4)
  6 giant cockroaches
  8 goblins
  8 hobgoblins
  7 jackals
  12 kobolds
  2 quokkas
  A ball python (D:4)
  17 bats
  A bat simulacrum (D:4)
  5 frilled lizards
  12 rats
161 creatures vanquished.

Vanquished Creatures (collateral kills)
  Joseph (D:7)
  A hippogriff (D:6)
  Duvessa (D:6)
  An orc warrior (D:6)
  A sky beast (D:7)
  Dowan (D:6)
  An orc priest (D:4)
  An orc wizard (D:6)
  2 orcs (D:7)
10 creatures vanquished.

Grand Total: 171 creatures vanquished

Notes
Turn   | Place    | Note
-------+----------+-------------------------------------------
     0 | D:1      | ThePWWP the Demonspawn Gladiator began the quest for the Orb.
     0 | D:1      | Reached XP level 1. HP: 16/16 MP: 1/1
   259 | D:1      | Reached skill level 3 in Long Blades
   276 | D:1      | Gained mutation: You have a pair of small horns on your head. [demonic ancestry]
   276 | D:1      | Reached XP level 2. HP: 20/22 MP: 2/2
   765 | D:1      | Gained mutation: You have sharp fingernails. [demonic ancestry]
   765 | D:1      | Reached XP level 3. HP: 24/27 MP: 3/3
  1497 | D:2      | Reached skill level 1 in Armour
  1499 | D:2      | Gained mutation: You have sharp toenails. [demonic ancestry]
  1499 | D:2      | Reached XP level 4. HP: 28/33 MP: 4/4
  1950 | D:2      | Reached skill level 4 in Long Blades
  2531 | D:3      | Noticed Robin
  2566 | D:3      | Killed Robin
  2575 | D:3      | Got a slimy helmet
  2666 | D:3      | Gained mutation: When hurt, damage is shared between your health and your magic reserves. [demonic ancestry]
  2666 | D:3      | Reached XP level 5. HP: 28/39 MP: 5/5
  2781 | D:3      | Noticed Kosschaser's ghost (amateur MfEn)
  2910 | D:3      | Killed Kosschaser's ghost
  2910 | D:3      | Gained mutation: A weak demonic guardian rushes to your aid. [demonic ancestry]
  2910 | D:3      | Reached XP level 6. HP: 32/46 MP: 2/6
  3535 | D:4      | Found a glowing silver altar of Zin.
  3610 | D:4      | Found a staircase to the Ecumenical Temple.
  3621 | D:4      | Reached skill level 1 in Stealth
  3630 | D:4      | Reached skill level 5 in Long Blades
  3817 | Temple   | Entered the Ecumenical Temple
  3929 | Temple   | Became a worshipper of Makhleb the Destroyer
  4035 | D:4      | Gained mutation: A demonic guardian rushes to your aid. [demonic ancestry]
  4035 | D:4      | Reached XP level 7. HP: 49/52 MP: 7/7
  4397 | D:4      | Reached skill level 1 in Shields
  4456 | D:5      | Entered Level 5 of the Dungeon
  4475 | D:5      | Reached * piety under Makhleb
  4972 | D:5      | Reached skill level 6 in Long Blades
  5532 | D:6      | Gained mutation: You have a pair of horns on your head. [demonic ancestry]
  5532 | D:6      | Reached XP level 8. HP: 60/60 MP: 8/8
  5619 | D:6      | Found an ancient bone altar of Kikubaaqudgha.
  5844 | D:6      | Reached skill level 7 in Long Blades
  5882 | D:6      | Noticed a moth of wrath
  5885 | D:6      | Found a bloodstained altar of Trog.
  5896 | D:6      | Reached ** piety under Makhleb
  6000 | D:6      | Found a runed door.
  6004 | D:6      | Noticed Crazy Yiuf
  6010 | D:6      | Killed Crazy Yiuf
  6241 | D:6      | Noticed a hippogriff
  6252 | D:6      | Killed a hippogriff
  6776 | D:6      | Noticed Duvessa
  6777 | D:6      | Noticed Dowan
  6785 | D:6      | Killed Duvessa
  6785 | D:6      | Reached skill level 5 in Fighting
  6795 | D:6      | Killed Dowan
  6949 | D:7      | Noticed Joseph
  6957 | D:7      | Killed Joseph
  6957 | D:7      | Reached skill level 8 in Long Blades
  6957 | D:7      | Reached XP level 9. HP: 68/68 MP: 9/9
  7049 | D:7      | HP: 3/68 [orc priest/divine providence (11)]
  7063 | D:7      | HP: 1/68 [orc priest/divine providence (10)]
  7070 | D:7      | Killed from afar by an orc priest

Skill      XL: |  1  2  3  4  5  6  7  8 |
---------------+-------------------------+-----
Long Blades    | 3 4 5 6 8 |  8.2
Dodging        | 3 |  3.3
Armour         | 1 2 3 4 |  4.7
Fighting       | 3 5 |  5.4
Stealth        | 1 |  1.9
Shields        | 1 2 |  2.6
Throwing       | 2 |  2.0

Action                   |  1- 3 |  4- 6 |  7- 9 || total
-------------------------+-------+-------+-------++-------
Melee: Long sword        |    69 |   147 |   228 ||   444
       Headbutt          |    11 |    27 |    41 ||    79
       Kick              |       |    40 |    70 ||   110
Throw: Throwing net      |       |       |     1 ||     1
  Use: Scroll            |     6 |     9 |     3 ||    18
       Potion            |       |     1 |     5 ||     6
 Stab: Distracted        |       |     2 |       ||     2
       Held in net/web   |       |       |     1 ||     1
  Eat: Royal jelly       |     1 |       |       ||     1
       Chunk             |       |     7 |     2 ||     9
       Bread ration      |       |     1 |     1 ||     2
Armor: Ring mail         |    23 |     1 |       ||    24
       Leather armour    |     1 |       |       ||     1
       Plate armour      |       |   101 |   165 ||   266
Dodge: Dodged            |    57 |    38 |    74 ||   169
Block: Buckler           |       |    18 |    52 ||    70
       Rpst.: Long sword |    17 |    11 |    26 ||    54
